cohdb
Replays
Latest Replays
All Replays
Popular Replays
Top Player Replays
Match Explorer
How It Works
Community
CoH3 Stats
Reddit
Sign in to upload your games and track your stats! →
Sign in with Steam
Match 46250471
Unlisted
Match 46250471
Overview
Messages
Build Orders
End
Construct Section Command Post
Vickers Machine Gun Team
Selects Canadian Shock Battlegroup
Infantry Section
Infantry Section
Infantry Section
Construct Platoon Command Post
Selects Attacking Spirit
Selects Canadian Shock Section
CMP 15cwt Truck
Grenade Package
6-pounder Anti-tank Gun Team
Selects Incendiary Munitions
Construct Company Command Post
Selects Pyrotechnics
6-pounder Anti-tank Gun Team
srednevik
The Magician
TOJI
squid
Brezelbube
Pubertz
alstroemeria
matrix4x4
0
0
Comments
sign in to comment!
No comments posted yet!